PL
PHOENIX HOTSPUR @ VANCOUVER GREY WOLVES
08/21/2031
 
TOP OF THE 1ST
Phoenix Hotspur batting - Pitching for Vancouver Grey Wolves : LHP Gerardo Pagán
Pitching: LHP Gerardo Pagán
Batting: RHB Kyle Bywaters 0-0: SINGLE (Line Drive, 6MD)
Batting: LHB Francisco García 0-0: Ball
1-0: Swinging Strike
1-1: SINGLE (Line Drive, 56D)
Kyle Bywaters to second
Batting: RHB Randy Rehling 0-0: Called Strike
0-1: Ball
1-1: Ground out 5-3 (Groundball, 56S)
Kyle Bywaters to third
Francisco García to second
Batting: LHB Tadayoshi Watanabe 0-0: Foul Ball, location: 2F
0-1: Ball
1-1: Called Strike
1-2: Strikes out looking
Batting: LHB Shojiro Ueda 0-0: Foul Ball, location: 2F
0-1: Ball
1-1: Ball
2-1: Ground out 1-3 (Groundball, 15S)
Top of the 1st over - 0 runs, 2 hits, 0 errors, 2 left on base; Phoenix 0 - Vancouver 0
BOTTOM OF THE 1ST
Vancouver Grey Wolves batting - Pitching for Phoenix Hotspur : RHP Miguel Rubia
Pitching: RHP Miguel Rubia
Batting: RHB Urs van Munster 0-0: Called Strike
0-1: Ball
1-1: Ball
2-1: Ball
3-1: Base on Balls
Batting: RHB Hugh Mungus 0-0: Ball
Urs van Munster steals 2nd base
1-0: Ball
2-0: Ball
3-0: Called Strike
3-1: Base on Balls
Batting: RHB Iván Vega 0-0: Called Strike
0-1: Ball
Wild Pitch!
Urs van Munster to third
Hugh Mungus to second
1-1: Foul Ball, location: 2F
1-2: Hit by Pitch
Batting: LHB Gustavo Cortéz 0-0: Ball
1-0: Ball
2-0: Grounds into double play, 4-6-3 (Groundball, 4D)
Urs van Munster scores
Hugh Mungus to third
Batting: RHB David Edwards 0-0: Ground out 5-3 (Groundball, 56)
Bottom of the 1st over - 1 run, 0 hits, 0 errors, 1 left on base; Phoenix 0 - Vancouver 1
TOP OF THE 2ND
Phoenix Hotspur batting - Pitching for Vancouver Grey Wolves : LHP Gerardo Pagán
Batting: RHB Roland Deschain 0-0: Called Strike
0-1: Foul Ball, location: 2F
0-2: Ball
1-2: Ball
2-2: SINGLE (Groundball, 56D)
Batting: LHB Wagaw Lukongolo 0-0: Called Strike
0-1: Ball
1-1: Ball
2-1: Ball
3-1: Base on Balls
Roland Deschain to second
Batting: RHB Julián De Paz 0-0: Ball
Roland Deschain steals 3rd base
1-0: Called Strike
1-1: Called Strike
1-2: Strikes out swinging
Batting: RHB Alfredo Pizarro 0-0: Foul Ball, location: 2F
0-1: Ball
1-1: Ball
Wild Pitch!
Roland Deschain scores
Wagaw Lukongolo to second
2-1: Foul Ball, location: 2F
2-2: Foul Ball, location: 2F
2-2: Ball
3-2: Strikes out swinging
Batting: RHB Kyle Bywaters 0-0: Swinging Strike
0-1: Foul Ball, location: 2F
0-2: Fly out, F5 (Line Drive, 5)
Top of the 2nd over - 1 run, 1 hit, 0 errors, 1 left on base; Phoenix 1 - Vancouver 1
BOTTOM OF THE 2ND
Vancouver Grey Wolves batting - Pitching for Phoenix Hotspur : RHP Miguel Rubia
Batting: LHB Preston Witt 0-0: Ball
1-0: Called Strike
1-1: Ball
2-1: Swinging Strike
2-2: Strikes out looking
Batting: RHB Wilson Vega 0-0: SINGLE (Line Drive, 78M)
Batting: LHB Michael Malloy 0-0: Foul Ball, location: 2F
0-1: Foul Ball, location: 2F
0-2: Ball
1-2: Strikes out looking
Batting: SHB Terumoto Kurihara 0-0: Ball
1-0: Ground out 6-3 (Groundball, 6M)
Bottom of the 2nd over - 0 runs, 1 hit, 0 errors, 1 left on base; Phoenix 1 - Vancouver 1
TOP OF THE 3RD
Phoenix Hotspur batting - Pitching for Vancouver Grey Wolves : LHP Gerardo Pagán
Batting: LHB Francisco García 0-0: Called Strike
0-1: SINGLE (Groundball, 34D)
Batting: RHB Randy Rehling 0-0: Ball
1-0: Fly out, F8 (Flyball, 8LM)
Batting: LHB Tadayoshi Watanabe 0-0: Ball
1-0: Called Strike
1-1: Ball
2-1: Ball
3-1: Foul Ball, location: 2F
3-2: Strikes out swinging
Francisco García steals 2nd base
Batter strikes out.
Batting: LHB Shojiro Ueda 0-0: Ball
1-0: Foul Ball, location: 2F
1-1: Ball
2-1: SINGLE (Groundball, 34D)
Francisco García to third
Runner from 3rd tries for Home, throw and OUT!
Top of the 3rd over - 0 runs, 2 hits, 0 errors, 1 left on base; Phoenix 1 - Vancouver 1
BOTTOM OF THE 3RD
Vancouver Grey Wolves batting - Pitching for Phoenix Hotspur : RHP Miguel Rubia
Batting: RHB Urs van Munster 0-0: Ball
1-0: Ball
2-0: Foul Ball, location: 2F
2-1: SINGLE (Line Drive, 8LS)
Batting: RHB Hugh Mungus 0-0: Called Strike
0-1: Ball
1-1: Ball
2-1: Foul Ball, location: 2F
2-2: Foul Ball, location: 2F
2-2: Ball
3-2: Ground out 6-3 (Groundball, 6)
Urs van Munster to second
Batting: RHB Iván Vega 0-0: Fly out, F5 (Popup, 56S)
Batting: LHB Gustavo Cortéz 0-0: Ground out 6-3 (Groundball, 6)
Bottom of the 3rd over - 0 runs, 1 hit, 0 errors, 1 left on base; Phoenix 1 - Vancouver 1
TOP OF THE 4TH
Phoenix Hotspur batting - Pitching for Vancouver Grey Wolves : LHP Gerardo Pagán
Batting: RHB Roland Deschain 0-0: Ground out 4-3 (Groundball, 4)
Batting: LHB Wagaw Lukongolo 0-0: Ball
1-0: Ball
2-0: DOUBLE (Line Drive, 78D)
Batting: RHB Julián De Paz 0-0: Ball
1-0: Foul Ball, location: 2F
1-1: Ground out 5-3 (Groundball, 56)
Batting: RHB Alfredo Pizarro 0-0: Fly out, F8 (Flyball, 8RM)
Top of the 4th over - 0 runs, 1 hit, 0 errors, 1 left on base; Phoenix 1 - Vancouver 1
BOTTOM OF THE 4TH
Vancouver Grey Wolves batting - Pitching for Phoenix Hotspur : RHP Miguel Rubia
Batting: RHB David Edwards 0-0: Called Strike
0-1: Foul Ball, location: 2F
0-2: Foul Ball, location: 2F
0-2: Ball
1-2: Ball
2-2: Strikes out swinging
Batting: LHB Preston Witt 0-0: Foul Ball, location: 2F
0-1: Ground out 6-3 (Groundball, 6M)
Batting: RHB Wilson Vega 0-0: Swinging Strike
0-1: Called Strike
0-2: Strikes out swinging
Bottom of the 4th over - 0 runs, 0 hits, 0 errors, 0 left on base; Phoenix 1 - Vancouver 1
TOP OF THE 5TH
Phoenix Hotspur batting - Pitching for Vancouver Grey Wolves : LHP Gerardo Pagán
Batting: RHB Kyle Bywaters 0-0: Called Strike
0-1: Called Strike
0-2: Ball
1-2: SINGLE (Groundball, 4MD)
Batting: LHB Francisco García 0-0: Ball
1-0: SINGLE (Groundball, 4D)
Kyle Bywaters to second
Batting: RHB Randy Rehling 0-0: Ball
1-0: Ball
2-0: Swinging Strike
2-1: Foul Ball, location: 2F
2-2: Foul Ball, location: 2F
2-2: Grounds into double play, 3-6-3 (Groundball, 3)
Kyle Bywaters to third
Batting: LHB Tadayoshi Watanabe 0-0: Ball
1-0: DOUBLE (Line Drive, 89XD)
Kyle Bywaters scores
Batting: LHB Shojiro Ueda 0-0: Called Strike
0-1: SINGLE (Groundball, 56D)
Tadayoshi Watanabe to third
Batting: RHB Roland Deschain 0-0: Ball
1-0: Fly out, F9 (Flyball, 9LM)
Top of the 5th over - 1 run, 4 hits, 0 errors, 2 left on base; Phoenix 2 - Vancouver 1
BOTTOM OF THE 5TH
Vancouver Grey Wolves batting - Pitching for Phoenix Hotspur : RHP Miguel Rubia
Batting: LHB Michael Malloy 0-0: Ball
1-0: Ball
2-0: Swinging Strike
2-1: Ball
3-1: Base on Balls
Batting: SHB Terumoto Kurihara 0-0: Called Strike
0-1: Foul Ball, location: 2F
0-2: Ball
1-2: Ball
2-2: Strikes out swinging
Batting: RHB Urs van Munster 0-0: Ball
1-0: Ball
2-0: Foul Ball, location: 2F
2-1: Foul Ball, location: 2F
2-2: Ball
3-2: Foul Ball, location: 2F
3-2: Foul Ball, location: 2F
3-2: Fly out, F8 (Flyball, 8RD)
Batting: RHB Hugh Mungus 0-0: Ball
1-0: Called Strike
Michael Malloy steals 2nd base
1-1: Called Strike
1-2: Ball
2-2: Strikes out swinging
Bottom of the 5th over - 0 runs, 0 hits, 0 errors, 1 left on base; Phoenix 2 - Vancouver 1
TOP OF THE 6TH
Phoenix Hotspur batting - Pitching for Vancouver Grey Wolves : LHP Gerardo Pagán
Batting: LHB Wagaw Lukongolo 0-0: Ball
1-0: Ground out U3 (Groundball, 34)
Batting: RHB Julián De Paz 0-0: Ground out 6-3 (Groundball, 6)
Batting: RHB Alfredo Pizarro 0-0: Called Strike
0-1: Swinging Strike
0-2: SINGLE (Groundball, 56D)
Batting: RHB Kyle Bywaters 0-0: Ball
1-0: Ground out 5-3 (Groundball, 56S)
Top of the 6th over - 0 runs, 1 hit, 0 errors, 1 left on base; Phoenix 2 - Vancouver 1
BOTTOM OF THE 6TH
Vancouver Grey Wolves batting - Pitching for Phoenix Hotspur : RHP Miguel Rubia
Batting: RHB Iván Vega 0-0: Foul Ball, location: 2F
0-1: Called Strike
0-2: Fly out, F6 (Flyball, 56D)
Batting: LHB Gustavo Cortéz 0-0: Called Strike
0-1: Ball
1-1: Ball
2-1: Ball
3-1: Foul Ball, location: 2F
3-2: Base on Balls
Batting: RHB David Edwards 0-0: Called Strike
0-1: Ball
1-1: Swinging Strike
1-2: Ball
2-2: Strikes out looking
Batting: LHB Preston Witt 0-0: Foul Ball, location: 2F
0-1: Called Strike
0-2: DOUBLE (Line Drive, 9LM)
Gustavo Cortéz to third
Runner from 3rd tries for Home, SAFE, no throw
Batting: RHB Wilson Vega 0-0: SINGLE (Flyball, 9S)
Preston Witt to third
Runner from 3rd tries for Home, SAFE, no throw
Batting: LHB Michael Malloy 0-0: Foul Ball, location: 2F
0-1: Ground out 1-3 (Groundball, 13S)
Bottom of the 6th over - 2 runs, 2 hits, 0 errors, 1 left on base; Phoenix 2 - Vancouver 3
TOP OF THE 7TH
Phoenix Hotspur batting - Pitching for Vancouver Grey Wolves : LHP Gerardo Pagán
Batting: LHB Francisco García 0-0: Ground out 1-3 (Groundball, 15S)
Batting: RHB Randy Rehling 0-0: Foul Ball, location: 2F
0-1: Ground out 6-3 (Groundball, 56)
Now at SS: Danny Walsh
Batting: LHB Tadayoshi Watanabe 0-0: Ball
1-0: Ball
2-0: Called Strike
2-1: Ball
3-1: Foul Ball, location: 2F
3-2: Foul Ball, location: 2F
3-2: Foul Ball, location: 2F
3-2: Strikes out swinging
Top of the 7th over - 0 runs, 0 hits, 0 errors, 0 left on base; Phoenix 2 - Vancouver 3
BOTTOM OF THE 7TH
Vancouver Grey Wolves batting - Pitching for Phoenix Hotspur : RHP Miguel Rubia
Batting: SHB Terumoto Kurihara 0-0: Ball
1-0: Foul Ball, location: 2F
1-1: Fly out, F8 (Line Drive, 89M)
Batting: RHB Urs van Munster 0-0: Ball
1-0: Ball
2-0: Ground out 4-3 (Groundball, 4)
Batting: RHB Hugh Mungus 0-0: SOLO HOME RUN (Flyball, 78XD), Distance : 393 ft
Batting: RHB Iván Vega 0-0: Called Strike
0-1: Ball
1-1: Ball
2-1: SINGLE (Line Drive, 6M)
Batting: LHB Gustavo Cortéz 0-0: Called Strike
0-1: Ball
1-1: Foul Ball, location: 2F
1-2: Ball
Wild Pitch!
Iván Vega to second
2-2: Ground out 6-3 (Groundball, 6)
Bottom of the 7th over - 1 run, 2 hits, 0 errors, 1 left on base; Phoenix 2 - Vancouver 4
TOP OF THE 8TH
Phoenix Hotspur batting - Pitching for Vancouver Grey Wolves : LHP Gerardo Pagán
Batting: LHB Shojiro Ueda 0-0: Called Strike
0-1: Ball
1-1: SINGLE (Line Drive, 7LS)
Pitching: RHP Francisco Valdés
Batting: RHB Roland Deschain 0-0: Called Strike
0-1: Ball
1-1: Ball
2-1: Ball
3-1: Ground out 6-3 (Groundball, 6MS)
Shojiro Ueda to second
Batting: LHB Wagaw Lukongolo 0-0: Ball
1-0: Swinging Strike
1-1: Ball
2-1: Ground out 4-3 (Groundball, 4D)
Shojiro Ueda to third
Batting: RHB Julián De Paz 0-0: Ball
1-0: Swinging Strike
1-1: Ball
2-1: Swinging Strike
2-2: Foul Ball, location: 2F
2-2: Strikes out swinging
Top of the 8th over - 0 runs, 1 hit, 0 errors, 1 left on base; Phoenix 2 - Vancouver 4
BOTTOM OF THE 8TH
Vancouver Grey Wolves batting - Pitching for Phoenix Hotspur : RHP Miguel Rubia
Batting: RHB David Edwards 0-0: Called Strike
0-1: Ball
1-1: Ball
2-1: Foul Ball, location: 2F
2-2: Strikes out looking
Batting: LHB Preston Witt 0-0: Fly out, F8 (Flyball, 8RXD)
Batting: RHB Danny Walsh 0-0: Ball
1-0: Foul Ball, location: 2F
1-1: Foul Ball, location: 2F
1-2: Ball
2-2: Foul Ball, location: 2F
2-2: Ground out 6-3 (Groundball, 6)
Bottom of the 8th over - 0 runs, 0 hits, 0 errors, 0 left on base; Phoenix 2 - Vancouver 4
TOP OF THE 9TH
Phoenix Hotspur batting - Pitching for Vancouver Grey Wolves : RHP Francisco Valdés
Batting: RHB Alfredo Pizarro 0-0: Ball
1-0: Ball
2-0: Ball
3-0: Called Strike
3-1: Base on Balls
Batting: RHB Kyle Bywaters 0-0: Called Strike
0-1: Foul Ball, location: 2F
0-2: Ball
1-2: Ball
2-2: Ball
3-2: Foul Ball, location: 2F
3-2: Ground out 4-3 (Groundball, 34)
Alfredo Pizarro to second
Batting: LHB Francisco García 0-0: Ball
1-0: Called Strike
1-1: Swinging Strike
1-2: Ground out 6-3 (Groundball, 56)
Batting: RHB Randy Rehling 0-0: Swinging Strike
0-1: Ball
1-1: Foul Ball, location: 2F
1-2: Strikes out swinging
Top of the 9th over - 0 runs, 0 hits, 0 errors, 1 left on base; Phoenix 2 - Vancouver 4
Tuesday, June 12th, 2018 - OOTP Baseball 18.8 Build 76